 Dungeon Crawl Stone Soup version 0.19.1 (webtiles) character file.

46 empire the Gusty (level 3, 0/21 HPs)
             Began as a High Elf Air Elementalist on Dec 13, 2016.
             Succumbed to an adder's poison
             ... on level 2 of the Dungeon.
             The game lasted 00:05:36 (1281 turns).

empire the Gusty (High Elf Air Elementalist)        Turns: 1281, Time: 00:05:37

Health: 0/21       AC:  2    Str:  7    XL:     3   Next: 46%
Magic:  2/8        EV: 13    Int: 19    God:
Gold:   29         SH:  0    Dex: 16    Spells: 2 memorised, 5 levels left

rFire  . . .     SeeInvis .     a - +0 short sword
rCold  . . .     Gourm    .     e - +0 robe
rNeg   . . .     Faith    .     (no shield)
rPois  .         Spirit   .     (no helmet)
rElec  .         Reflect  .     (no cloak)
rCorr  .         Harm     .     (no gloves)
MR     .....                    (no boots)
Stlth  ++........               (no amulet)
                                (no ring)
                                (no ring)

@: lethally poisoned (0 -> -5), flying
A: no striking features
a: no special abilities


You were on level 2 of the Dungeon.
You were not hungry.

You visited 1 branch of the dungeon, and saw 2 of its levels.

You collected 29 gold pieces.

Inventory:

Hand Weapons
 a - a +0 short sword (weapon)
 g - a +2 short sword of venom
 h - a +4 whip
 o - a +1 dagger of flaming
Missiles
 f - 28 arrows
 i - 14 bolts
Armour
 e - a +0 robe (worn)
Scrolls
 j - a scroll of blinking {unknown}
 k - a scroll of fog {unknown}
 l - a scroll of enchant weapon {unknown}
Books
 b - a book of Air

   Spells                             Type                      Level
   a - Shock                          Conjuration/Air              1
   b - Swiftness                      Charms/Air                   2
   c - Repel Missiles                 Charms/Air                   2
   d - Static Discharge               Conjuration/Air              3
   e - Lightning Bolt                 Conjuration/Air              5
Comestibles
 c - a bread ration
 m - 3 chunks of flesh


   Skills:
 - Level 2.1 Dodging
 - Level 2.1 Stealth
 + Level 3.1 Spellcasting
 + Level 2.3 Conjurations
 + Level 1.4 Charms
 - Level 4.0 Air Magic


You had 5 spell levels left.
You knew the following spells:

 Your Spells              Type           Power        Failure   Level  Hunger
a - Shock                 Conj/Air       ###.         6%          1    None
b - Swiftness             Chrm/Air       ##......     10%         2    ##.....


Dungeon Overview and Level Annotations

Branches:
Dungeon (2/15)

Altars:


Message History

The zap misses the adder.
The kobold hits you with a dagger.
* * * LOW HITPOINT WARNING * * *
The bat hits you but does no damage. The adder bites you but does no damage.
Casting: Shock
Confirm with . or Enter, or press ? or * to list all spells.
Aiming: Shock
Press: ? - help, Shift-Dir - straight line, f/p - adder
Aim: an adder (almost dead)
The zap hits the adder.
The adder is almost dead.
The bat hits you but does no damage. The bat hits you.
* * * LOW HITPOINT WARNING * * *
The adder misses you. The kobold closely misses you.
Casting: Shock
Confirm with . or Enter, or press ? or * to list all spells.
Aiming: Shock
Press: ? - help, Shift-Dir - straight line, f/p - adder
Aim: an adder (almost dead)
The zap misses the adder.
You die...

.. .. .. ##. ..
#.
######.#######
#.....S@.b...#
#.....K.w......
#.....!........
..........#..#.
..........# ...
....###.... #.
..#. #..... ..#
#......


You could see an adder, a dart slug, a bat and a kobold.

Vanquished Creatures
  A dart slug (D:1)
  2 leopard geckos (D:1)
  5 bats (D:1)
  A giant cockroach (D:1)
  4 goblins (D:1)
  4 hobgoblins (D:1)
  7 jackals (D:1)
  A ball python (D:1)
  2 frilled lizards (D:1)
  8 kobolds (D:1)
  4 rats (D:1)
39 creatures vanquished.

Notes
Turn   | Place    | Note
-------+----------+-------------------------------------------
     0 | D:1      | empire the High Elf Air Elementalist began the quest for the Orb.
     0 | D:1      | Reached XP level 1. HP: 11/11 MP: 4/4
   172 | D:1      | Reached XP level 2. HP: 14/17 MP: 0/6
   261 | D:1      | Reached skill level 4 in Air Magic
   268 | D:1      | Learned a level 2 spell: Swiftness
   486 | D:1      | Reached skill level 1 in Charms
   510 | D:1      | Reached XP level 3. HP: 13/21 MP: 8/8
  1279 | D:2      | HP: 1/21 [kobold/dagger (2)]
  1281 | D:2      | Succumbed to an adder's poison

Skill      XL: |  1  2  3 |
---------------+----------+-----
Air Magic      | 4 |  4.0
Conjurations   | 2 |  2.3
Charms         | 1 |  1.4
Spellcasting   | 3 |  3.1
Dodging        | |  2.1
Stealth        | |  2.1

Action                   || total
-------------------------++-------
Melee: Short sword       ||    59
 Cast: Shock             ||    55
  Use: Potion            ||     2
 Stab: Sleeping          ||     4
  Eat: Chunk             ||     1
Armor: Robe              ||    23
Dodge: Dodged            ||    74
